 Dungeon Crawl Stone Soup version 0.29-a0-352-g0917bc69df (webtiles) character file.

Game seed: 17624958823148209561

1114 Dauddaud the Cleaver (level 8, -11/96 HPs)
             Began as a Minotaur Berserker on Apr 23, 2022.
             Was an Elder of Trog.
             Mangled by a two-headed ogre
             ... wielding a +0 giant club
              (17 damage)
             ... on level 6 of the Dungeon.
             The game lasted 00:07:36 (5897 turns).

Dauddaud the Cleaver (Minotaur Berserker)           Turns: 5897, Time: 00:07:37

Health: -11/96     AC:  9    Str: 24    XL:     8   Next: 12%
Magic:  7/7        EV:  8    Int:  4    God:    Trog [****..]
Gold:   131        SH:  5    Dex: 10    Spells: 7/7 levels left

rFire   . . .      SeeInvis +   C - +0 battleaxe
rCold   . . .      Faith    .   (shield currently unavailable)
rNeg    . . .      Spirit   .   c - +0 chain mail
rPois   +          Reflect  +   D - +1 hat
rElec   .          Harm     .   (no cloak)
rCorr   .          Rampage  .   (no gloves)
Will    .....                   (no boots)
Stlth   ..........              x - amulet of reflection
HPRegen 0.26/turn               A - ring of see invisible
MPRegen 0.10/turn               p - ring of poison resistance

@: berserking, very quick
A: horns 2, retaliatory headbutt
a: Renounce Religion, Berserk, Trog's Hand, Brothers in Arms


You were on level 6 of the Dungeon.
You worshipped Trog.
Trog was greatly pleased with you.
You visited 1 branch of the dungeon, and saw 6 of its levels.

You collected 284 gold pieces.
You spent 153 gold pieces at shops.

Inventory:

Hand Weapons
 a - a +0 hand axe
 C - a +0 battleaxe (weapon)
Armour
 b - a +0 animal skin
 c - a +0 chain mail (worn)
 D - a +1 hat (worn)
Jewellery
 o - a ring of willpower
 p - a ring of poison resistance (right hand)
 x - an amulet of reflection (around neck)
 A - a ring of see invisible (left hand)
Wands
 n - a wand of flame (18)
 z - a wand of iceblast (3)
 G - a wand of paralysis (7)
Scrolls
 d - 2 scrolls of fear
 e - a scroll of fog {unknown}
 h - a scroll of vulnerability {unknown}
 j - a scroll of holy word {unknown}
 l - 3 scrolls of immolation {unknown}
 r - 2 scrolls of torment {unknown}
 s - a scroll of summoning
 t - 2 scrolls of blinking
 u - 2 scrolls of teleportation
 v - a scroll of acquirement
 y - a scroll of amnesia
 E - a scroll of magic mapping {unknown}
 F - a scroll of identify
Potions
 f - 6 potions of curing {unknown}
 g - 3 potions of might {unknown}
 i - 3 potions of ambrosia {unknown}
 k - 2 potions of flight {unknown}
 m - a potion of heal wounds {unknown}
 q - a potion of degeneration {unknown}
 w - 3 potions of mutation {unknown}
 B - a potion of attraction {unknown}


   Skills:
 - Level 3.6 Fighting
 + Level 10.9 Axes
 - Level 2.4 Armour
 - Level 2.1 Dodging
 + Level 3.5 Evocations


You had 7 spell levels left.
You didn't know any spells.
Your spell library was empty.

Dungeon Overview and Level Annotations

Branches:
Dungeon (6/15)             Temple (0/1) D:4

Altars:

Shops:
D:5 *


Innate Abilities, Weirdness & Mutations

You have a pair of horns on your head.
You reflexively headbutt those who attack you in melee.


Message History

You slice the ufetubus!!
You kill the ufetubus!
Trog accepts your kill.
You slash the orc!
You kill the orc!
Trog accepts your kill. The orc barely misses you.
You barely miss the orc. The orc hits you with a +0 hand axe.
You hit the orc but do no damage. The orc hits you but does no damage. x2
You slash the orc! Your headbutt misses the orc.
The orc is almost dead.
The orc hits you but does no damage.
You slice the orc!!
You kill the orc!
Trog accepts your kill.
You slash the orc!
You kill the orc!
Trog accepts your kill.
A two-headed ogre comes into view. It is wielding two +0 giant clubs.
The two-headed ogre shouts in stereo!
You see here a scroll labelled ZESHIFR IJOIM.
A two-headed ogre is nearby!
You hit the two-headed ogre but do no damage.
The two-headed ogre closely misses you. x2
You barely miss the two-headed ogre.
The two-headed ogre hits you with a +0 giant club!!
Ouch! That really hurt!
The two-headed ogre hits you with a +0 giant club!
* * * LOW HITPOINT WARNING * * *
A red film seems to cover your vision as you go berserk!
You feel yourself moving faster!
You feel mighty!
You slice the two-headed ogre!!
The two-headed ogre is heavily wounded.
The two-headed ogre hits you with a +0 giant club!!
* * * LOW HITPOINT WARNING * * *
The two-headed ogre hits you but does no damage.
You slash the two-headed ogre!
The two-headed ogre is severely wounded.
The two-headed ogre hits you with a +0 giant club!
You die...

.#.#.#.#.#.#. ## ##
.#.#.#.#.#.# .......
#.#.#.#.#.#. #...#.#
#.#.#.#.#.#.# #.#.#.#
#.#.#.#.#.#.#.
#.#.#.#.#.#.#.#.#.#.#
#.#.#.#.#.#.#.#.#.#.
#O#.#.#.#.#.#.#.#.#
#@#.#.#.#.#.#.#.#.
#.#.#.#$#.#.#.#.#.#
#.#.#.#)#.#.#.#.#.#.
#.#.#)#>#.#.#.#.#.#.#
#.#.#.#.#.#.#.#.#.#.#.
+#.#.#o#.#.#.#.#.#.#.#
#.#.<.#.#.#.#.#.#.#.#.
#.#.#.#.#.#.#.#.#.#.#.#
#####.#.###########..##


You could see a two-headed ogre.

Vanquished Creatures
  A sky beast (D:6)
  An ogre (D:5)
  A kobold brigand (D:5)
  2 necrophages (D:6)
  A scorpion (D:5)
  A howler monkey (D:5)
  2 jellies (D:6)
  6 orc priests
  A hound (D:5)
  A gnoll shaman (D:4)
  An iguana (D:4)
  2 orc wizards (D:5)
  6 adders
  8 gnolls
  A shadow imp (D:5)
  2 white imps
  An ufetubus (D:6)
  A worm (D:2)
  A dart slug (D:2)
  21 orcs
  7 bats
  7 endoplasms
  3 giant cockroaches
  9 hobgoblins
  5 jackals (D:1)
  8 quokkas
  3 ball pythons
  8 goblins
  7 kobolds
  3 rats
121 creatures vanquished.

Vanquished Creatures (others)
  48 plants (D:3)
48 creatures vanquished.

Grand Total: 169 creatures vanquished

Notes
Turn   | Place    | Note
-------+----------+-------------------------------------------
     0 | D:1      | Dauddaud the Minotaur Berserker began the quest for the
                  | Orb.
     0 | D:1      | Reached XP level 1. HP: 19/19 MP: 0/0
   251 | D:1      | Reached skill level 4 in Axes
   286 | D:1      | Reached XP level 2. HP: 26/26 MP: 1/1
   745 | D:2      | Reached skill level 5 in Axes
   827 | D:2      | Reached XP level 3. HP: 31/31 MP: 2/2
   900 | D:2      | Reached ** piety under Trog
  1466 | D:3      | Found a faded altar of an unknown god.
  1503 | D:3      | Reached skill level 6 in Axes
  1503 | D:3      | Reached XP level 4. HP: 9/39 MP: 3/3
  2612 | D:3      | Reached skill level 7 in Axes
  2612 | D:3      | Reached XP level 5. HP: 24/45 MP: 4/4
  3324 | D:4      | Reached skill level 8 in Axes
  3328 | D:4      | Reached XP level 6. HP: 38/51 MP: 5/5
  3328 | D:4      | Reached *** piety under Trog
  4119 | D:4      | Found a staircase to the Ecumenical Temple.
  4280 | D:4      | Identified a scroll of acquirement
  4320 | D:5      | Entered Level 5 of the Dungeon
  4376 | D:5      | Reached skill level 9 in Axes
  4481 | D:5      | Reached XP level 7. HP: 37/57 MP: 6/6
  4731 | D:5      | Found Bonafoss's Bounteous Boutique.
  4739 | D:5      | Bought a scroll of blinking for 82 gold pieces
  4739 | D:5      | Bought a +0 battleaxe for 71 gold pieces
  4784 | D:5      | Reached skill level 10 in Axes
  4784 | D:5      | Reached skill level 1 in Evocations
  5820 | D:6      | Reached XP level 8. HP: 64/64 MP: 7/7
  5822 | D:6      | Reached **** piety under Trog
  5890 | D:6      | Noticed a two-headed ogre
  5897 | D:6      | Mangled by a two-headed ogre

Illustrated notes

Levels and vault maps discovered:
D:1:      shiori_shiawase, layout_rooms
D:2:      layout_loops_ring, minmay_misc_feat_chi, minmay_hexomino_f4
D:3:      layout_loops_ring, ebering_ecumenical_altar_mist,
          serial_bayou_lagoon_a
D:4:      layout_gridville, minmay_temple_entry_proselytizer, grunt_ministairs_9
D:5:      minmay_evil_eye, layout_basic, dreamdust_mushroom_princess,
          minmay_stone_trees_medium, nicolae_alphabet_shops,
          chequers_serial_rivers_micro_c
D:6:      layout_basic, biasface_ghost_orc_armoury, nrook_mini_vaults

Skill      XL: |  1  2  3  4  5  6  7 |
---------------+----------------------+-----
Axes           | 4 5 6 7 8 9 10 | 10.9
Evocations     | 3 |  3.5
Fighting       | |  3.6
Armour         | |  2.4
Dodging        | |  2.1

Action                   |  1- 3 |  4- 6 |  7- 9 || total
-------------------------+-------+-------+-------++-------
Melee: Hand axe          |    87 |   121 |     3 ||   211
       Headbutt          |    12 |    29 |     6 ||    47
       Battleaxe         |       |       |    60 ||    60
Throw: Throwing net      |       |     1 |       ||     1
Invok: Berserk           |       |     3 |     1 ||     4
  Use: Scroll            |       |     5 |     1 ||     6
Armor: Chain mail        |    66 |    63 |    25 ||   154
Dodge: Dodged            |    44 |    49 |    35 ||   128
Block: Other             |       |    10 |    17 ||    27

Table legend: (Time is in decaauts)
 A = Elapsed time spent in this place.
 B = Non-inter-level travel time spent in this place.
 C = Inter-level travel time spent in this place.
 D = Time resting spent in this place.
 E = Time spent auto-exploring this place.
 F = Levels seen in this place.
 G = Mean time per level.
                   A        B        C        D        E       F      G
               +--------+--------+--------+--------+--------+-----+--------+
         Total |   5938 |   5779 |    159 |   1562 |   3520 |   6 |  989.7 |
       Dungeon |   5938 |   5779 |    159 |   1562 |   3520 |   6 |  989.7 |
               +--------+--------+--------+--------+--------+-----+--------+

Top non-repeatable levels by time:
     D:3: 1770 daAuts
     D:5: 1362 daAuts
     D:4: 1121 daAuts
     D:2: 789 daAuts
     D:1: 676 daAuts
     D:6: 218 daAuts
